 Dungeon Crawl Stone Soup version 0.26-a0-597-gb535b0901c (webtiles) character file.

Game seed: 2613042312172032473

17175 ANON1729 the Covert (level 12, -4/73 HPs)
             Began as a Kobold Brigand on Aug 27, 2020.
             Was an Elder of Wu Jian.
             Slain by a slime creature (16 damage)
             ... on level 14 of the Dungeon.
             The game lasted 01:01:46 (14307 turns).

ANON1729 the Covert (Kobold Brigand)               Turns: 14307, Time: 01:01:47

Health: -4/73      AC:  5    Str:  8    XL:     12   Next: 79%
Magic:  12/12      EV: 26    Int: 14    God:    Wu Jian [****..]
Gold:   108        SH:  0    Dex: 20    Spells: 10/11 levels left

rFire    + . .     SeeInvis +   S - +7 dagger "Egg" {chaos, rF+ rC+}
rCold    + . .     Faith    .   (shield restricted)
rNeg     . . .     Spirit   .   h - +1 robe {MR+}
rPois    .         Reflect  .   R - +0 mask of the Dragon {MR+ Slay+3 SInv}
rElec    .         Harm     .   c - +0 cloak
rCorr    .                      (no gloves)
MR       ++...                  u - +0 pair of boots
Stlth    ++++......             C - amulet of magic regeneration
HPRegen  0.22/turn              f - ring of stealth
MPRegen  0.38/turn              j - +4 ring of evasion

@: very slow
A: small, nightstalker 3
a: Wall Jump, Serpent's Lash, Renounce Religion


You were on level 14 of the Dungeon.
You worshipped Wu Jian.
Wu Jian was greatly pleased with you.
You visited 2 branches of the dungeon, and saw 13 of its levels.
You also visited: Bailey.

You collected 1003 gold pieces.
You spent 895 gold pieces at shops.

Inventory:

Hand Weapons
 a - a +3 dagger
 n - a +2 scimitar of flaming
 G - a +4 hand axe of electrocution
 M - a +2 dagger of venom
 S - the +7 dagger "Egg" (weapon) {chaos, rF+ rC+}
   (You took it off a big kobold on level 9 of the Dungeon)

   Each time it hits an enemy it has a different, random effect.
   It protects you from fire.
   It protects you from cold.
 T - a +2 dagger of distortion
Missiles
 d - 11 poisoned darts (quivered)
Armour
 c - a +0 cloak (worn)
 h - a +1 robe of magic resistance (worn)
 u - a +0 pair of boots (worn)
 B - a +2 helmet
 N - a +2 chain mail of magic resistance
 R - the +0 mask of the Dragon (worn) {MR+ Slay+3 SInv}
   (You bought it in a shop on level 8 of the Dungeon)

   It affects your accuracy and damage with ranged weapons and melee attacks
   (+3).
   It affects your resistance to hostile enchantments.
   It lets you see invisible.
Jewellery
 f - a ring of stealth (left hand)
 j - a +4 ring of evasion (right hand)
 l - an uncursed ring of wizardry
 q - an uncursed ring of protection from magic
 t - an uncursed ring of protection from fire
 x - an uncursed ring of protection from cold
 C - an amulet of magic regeneration (around neck)
 D - an uncursed ring of positive energy {unknown}
 O - a cursed amulet of the acrobat
Wands
 e - a wand of polymorph (7)
 g - a wand of random effects (1)
 A - a wand of digging (4)
 H - a wand of flame (3)
 J - a wand of iceblast (12)
 K - a wand of paralysis (1)
Scrolls
 k - 7 scrolls of remove curse
 p - 3 scrolls of fear
 r - a scroll of magic mapping {unknown}
 s - 2 scrolls of fog
 v - 5 scrolls of amnesia
 w - 2 scrolls of enchant armour
 y - 2 scrolls of enchant weapon
 I - a scroll of vulnerability {unknown}
 L - a scroll of immolation {unknown}
Potions
 b - 4 potions of resistance
 i - 2 potions of brilliance
 o - 8 potions of curing
 z - a potion of magic
 E - a potion of cancellation
 F - a potion of stabbing
 P - 2 potions of might


   Skills:
 + Level 8.1 Fighting
 * Level 13.0 Short Blades
 + Level 8.1 Throwing
 + Level 8.8 Dodging
 * Level 14.5 Stealth
 + Level 8.3 Evocations


You had 10 spell levels left.
You knew the following spells:

 Your Spells              Type           Power        Failure   Level
a - Animate Skeleton      Necr           #.....       28%         1

Your spell library contained the following spells:

 Spells                   Type           Power        Failure   Level
 Pain                     Necr           #...         28%         1
 Vampiric Draining        Necr           #.........   65%         3
 Animate Dead             Necr           #.........   96%         4
 Leda's Liquefaction      Hex/Erth       #.........   96%         4
 Agony                    Necr           #.......     100%        5
 Bolt of Magma            Conj/Fire/Erth #.........   100%        5
 Iron Shot                Conj/Erth      #.........   100%        6
 Statue Form              Tmut/Erth      #........    100%        6
 Shatter                  Erth           #.........   100%        9


Dungeon Overview and Level Annotations

Branches:
Dungeon (11/15)            Temple (1/1) D:4             Orc (0/2) D:11
 Bailey (visited)
   Lair: D:8-11

Altars:
Ashenzari
Cheibriados
Dithmenos
Elyvilon
Fedhas
Gozag
Hepliaklqana
Kikubaaqudgha
Makhleb
Nemelex Xobeh
Okawaru
Qazlal
Ru
Sif Muna
Trog
Uskayaw
Vehumet
Wu Jian
Xom
Yredelemnul
Zin
The Shining One

Shops:
D:5 *:   D:7 :   D:8 [[(=   D:11 (   D:14 *}[

Annotations:
D:7 Joseph, Maggie, Menkaure
D:9 exclusions: 5 big kobolds, kobold demonologist and player ghost, Yhenk's ghost, novice BaCj


Innate Abilities, Weirdness & Mutations

You are small and have problems with some larger weapons.
You are completely attuned to the shadows.


Message History

Some shallow water.
As you read the scroll of fear, it crumbles to dust.
You assume a fearsome visage.
The slime creature looks frightened!
The yak looks frightened!
The skeletal warrior is unaffected. x2
The deep elf mage looks frightened!
The tengu warrior looks frightened!
The tengu warrior easily resists.
The basilisk looks frightened!
The ice beast looks frightened!
The slime creature looks frightened!
The slime creature quivers.
The slime creature looks frightened! x2; The slime creature easily resists.
The slime creature looks frightened!
A skeletal warrior comes into view. It is wielding a +0 war axe.
The slime creature barely misses you.
The helpless tengu warrior fails to defend itself.
You stick the tengu warrior like a pincushion!!!!!
You kill the tengu warrior!
The Council accepts your kill.
You hear a splash. x3
You feel less exhausted. The slime creature hits you!
You die...

.≈≈. #.....⌠((#
≈≈≈≈.####.#..∩.#####
.≈≈≈≈..#.....⌠.⌠....#
..≈≈≈≈≈..[........[...
..≈≈≈≈................
.≈≈≈≈≈................
.J≈≈≈≈..........∩.....
#.≈≈(≈................
#.l≈≈@#######....(....
###≈≈≈)J≈≈≈≈#
##.^......
#...≈)≈z≈≈≈≈≈
##...∩.∩.
#...)(≈z≈≈≈≈# ##.....#
#.Ye≈J≈z≈≈J##
####..≈##### ##... ..


You could see 3 skeletal warriors, 4 slime creatures, a deep elf mage (fleeing)
and a basilisk (fleeing).

Vanquished Creatures
  Harold (D:7)
  A hydra (D:14)
  A two-headed ogre (D:11)
  A tengu warrior (D:14)
  Pikel (D:5)
  An orc knight (Bailey)
  An ugly thing (D:7)
  3 cyclopes
  A gargoyle (D:10)
  A kobold demonologist (D:9)
  An efreet (D:14)
  A troll (D:14)
  3 hornets
  A slime creature (D:11)
  4 hippogriffs
  Sigmund (D:5)
  17 yaks
  2 gnoll sergeants
  Eustachio (D:5)
  2 basilisks
  2 porcupines (D:11)
  10 orc warriors
  3 ice beasts
  A black bear (D:11)
  An eye of draining (D:14)
  3 phantoms
  2 necrophages
  6 ogres
  A wolf (D:11)
  5 centaurs
  A lemure (D:5)
  A crocodile (D:11)
  7 big kobolds
  5 bullfrogs
  4 scorpions
  6 killer bees (D:9)
  A vampire bat (D:11)
  An electric eel (D:9)
  A bullfrog zombie (D:7)
  3 centaur zombies
  4 jellies
  A quasit (D:7)
  6 hounds
  17 orc wizards
  4 orc priests
  A centaur skeleton (D:11)
  A gnoll shaman (D:5)
  4 worker ants
  4 iguanas
  A killer bee zombie (D:6)
  2 hound zombies
  A hound skeleton (D:11)
  A howler monkey zombie (D:9)
  5 worker ant zombies
  9 adders
  12 gnolls
  3 shadow imps
  3 white imps
  2 ufetubi
  An ooze (D:4)
  2 adder zombies
  2 adder skeletons
  3 worms
  A dart slug (D:1)
  10 leopard geckos
  58 orcs
  3 ball pythons
  18 bats
  7 giant cockroaches
  16 goblins
  3 hobgoblins
  20 jackals
  7 quokkas
  6 frilled lizards
  33 kobolds
  A quokka skeleton (D:3)
  A quokka zombie (D:6)
  8 rats
390 creatures vanquished.

Vanquished Creatures (collateral kills)
  An orc warrior (D:5)
  Blork the orc (D:5)
2 creatures vanquished.

Vanquished Creatures (others)
  8 bushes (D:11)
  12 fungi
  16 plants
36 creatures vanquished.

Grand Total: 428 creatures vanquished

Notes
Turn   | Place    | Note
-------+----------+-------------------------------------------
     0 | D:1      | ANON1729 the Kobold Brigand began the quest for the Orb.
     0 | D:1      | Reached XP level 1. HP: 12/12 MP: 1/1
    88 | D:1      | Reached XP level 2. HP: 14/18 MP: 2/2
   414 | D:1      | Reached XP level 3. HP: 22/22 MP: 3/3
   941 | D:2      | Reached XP level 4. HP: 27/27 MP: 4/4
  1235 | D:2      | Reached skill level 6 in Stealth
  1395 | D:3      | Learned a level 1 spell: Animate Skeleton
  1665 | D:3      | Reached XP level 5. HP: 32/32 MP: 5/5
  1883 | D:3      | Reached skill level 1 in Evocations
  1961 | D:3      | Found a shadowy altar of Dithmenos.
  2298 | D:4      | Noticed an ogre
  2302 | D:4      | Killed an ogre
  2302 | D:4      | Reached XP level 6. HP: 37/37 MP: 6/6
  2494 | D:4      | Found a sparkling altar of Nemelex Xobeh.
  2519 | D:4      | Reached skill level 5 in Short Blades
  2521 | D:4      | Reached XP level 7. HP: 38/41 MP: 7/7
  2778 | D:4      | Reached skill level 7 in Stealth
  3064 | D:4      | Found a staircase to the Ecumenical Temple.
  3355 | Temple   | Entered the Ecumenical Temple
  3496 | Temple   | Became a worshipper of the Wu Jian Council
  3601 | D:5      | Entered Level 5 of the Dungeon
  3607 | D:5      | Noticed Blork the orc
  3632 | D:5      | Reached XP level 8. HP: 45/48 MP: 8/8
  3634 | D:5      | Killed Blork the orc
  3881 | D:5      | Found Werohit's Book Boutique.
  3984 | D:5      | Reached skill level 8 in Stealth
  4105 | D:5      | Noticed Pikel
  4110 | D:5      | Killed Pikel
  4162 | D:5      | Reached skill level 9 in Stealth
  4162 | D:5      | Reached XP level 9. HP: 52/52 MP: 9/9
  4453 | D:5      | Reached skill level 5 in Dodging
  4731 | D:4      | Reached skill level 5 in Fighting
  4731 | D:4      | Reached skill level 5 in Throwing
  4914 | D:5      | Noticed Sigmund
  5267 | D:5      | Killed Sigmund
  5420 | D:5      | Found Leyrriv's Lightly-Used Armoury.
  5463 | D:5      | Reached skill level 10 in Stealth
  5466 | D:5      | Reached * piety under Wu Jian
  5480 | D:5      | Noticed Eustachio
  5483 | D:5      | Killed Eustachio
  6675 | D:6      | Reached XP level 10. HP: 30/59 MP: 10/10
  6960 | D:6      | Reached skill level 5 in Evocations
  7225 | D:7      | Found Esedyor's Book Emporium.
  7565 | D:7      | Reached ** piety under Wu Jian
  7688 | D:7      | Reached skill level 11 in Stealth
  7735 | D:7      | Noticed a cyan ugly thing
  7738 | D:7      | Killed a cyan ugly thing
  7826 | D:7      | Noticed Menkaure
  7828 | D:7      | Noticed a cyan ugly thing
  7829 | D:7      | Noticed a centaur warrior
  8061 | D:7      | Reached skill level 10 in Short Blades
  8321 | D:7      | Noticed Maggie
  8440 | D:7      | Noticed Harold
  8442 | D:7      | Killed Harold
  8707 | D:7      | Noticed Joseph
  8953 | D:8      | Found Jouc's Antique Armour Shop.
  9082 | D:8      | Found Ysunaefu's Antique Weapon Emporium.
  9083 | D:8      | Found Qued's Jewellery Boutique.
  9256 | D:8      | Found Sinwuot's Antique Armour Boutique.
  9495 | D:9      | Found a runed translucent gate.
  9496 | D:9      | Found a runed translucent gate.
  9496 | D:9      | Noticed a kobold demonologist
  9496 | D:9      | Identified the +7 dagger "Egg" {chaos, rF+ rC+}
  9497 | D:9      | Found a runed translucent gate.
  9497 | D:9      | Noticed Yhenk's ghost (novice BaCj)
  9502 | D:9      | Reached skill level 12 in Stealth
  9502 | D:9      | Reached XP level 11. HP: 66/66 MP: 11/11
  9926 | D:8      | Reached *** piety under Wu Jian
 10890 | D:10     | Entered Level 10 of the Dungeon
 10964 | D:10     | Found a flagged portal.
 10974 | Bailey   | Entered a bailey
 11107 | Bailey   | Noticed an orc knight
 11109 | Bailey   | Killed an orc knight
 11125 | Bailey   | Reached **** piety under Wu Jian
 11924 | D:11     | Noticed a cyclops
 11927 | D:11     | Killed a cyclops
 11934 | D:11     | Found a staircase to the Orcish Mines.
 12060 | D:11     | Reached skill level 13 in Stealth
 12143 | D:11     | Found Ogito's Weapon Boutique.
 12650 | D:11     | Reached XP level 12. HP: 36/72 MP: 12/12
 12986 | D:8      | Bought the +0 mask of the Dragon {MR+ Slay+3 SInv} for 835
                  | gold pieces
 12986 | D:8      | Found the +0 mask of the Dragon {MR+ Slay+3 SInv}
 13360 | D:9      | HP: 2/72 [Yhenk's ghost/magic dart (11)]
 13771 | D:11     | Noticed a two-headed ogre
 13785 | D:11     | a two-headed ogre changed into a slime creature
 13819 | D:11     | Noticed a two-headed ogre
 13828 | D:11     | Killed a two-headed ogre
 14002 | D:11     | You fall into a shaft and drop 3 floors!
 14002 | D:14     | Found Kurailin's Gadget Boutique.
 14002 | D:14     | Found Archowk's General Store.
 14010 | D:14     | Noticed a seven-headed hydra
 14012 | D:14     | Reached skill level 14 in Stealth
 14012 | D:14     | Killed a seven-headed hydra
 14018 | D:14     | Bought a potion of might for 60 gold pieces
 14031 | D:14     | Found Xuefu's Antique Armour Boutique.
 14283 | D:14     | Noticed a tengu warrior
 14285 | D:14     | Noticed a tengu warrior
 14301 | D:14     | Noticed a skeletal warrior
 14303 | D:14     | Noticed a skeletal warrior
 14305 | D:14     | Noticed a skeletal warrior
 14306 | D:14     | Killed a tengu warrior
 14307 | D:14     | Slain by a slime creature

Illustrated notes

Levels and vault maps discovered:
D:1:      lemuel_arrival_behind_the_door_small, layout_rooms
D:2:      layout_basic
D:3:      layout_basic, marbit_many_paths
D:4:      minmay_general_purpose_star, layout_basic, temple_green,
          minmay_misc_feat_rows, nemelex_xobeh_ov_fountains_minmay
D:5:      layout_basic, serial_shops, nicolae_shop_behind_doors,
          minmay_shop_damaged, sword_in_stone, uniq_pikel, uniq_eustachio,
          uniq_sigmund
D:6:      layout_loops_corners
D:7:      minmay_the_grid_octo_tiled_squarecenter
          [minmay_the_grid_octo_tetromino_candy,
          minmay_the_grid_octo_checkerflower, minmay_the_grid_octo_teeth,
          minmay_the_grid_octo_clover,
          minmay_the_grid_square_5x5_megaprize_diamond,
          minmay_the_grid_square_5x5_spiral, minmay_the_grid_square_5x5_empty,
          minmay_the_grid_square_5x5_plus, minmay_the_grid_square_5x5_slash],
          layout_gridville, serial_shops, shop, uniq_menkaure, uniq_joseph,
          uniq_harold, uniq_maggie
D:8:      layout_basic, serial_shops, shop, shop_fountains,
          nicolae_shop_statue_plus, shop, lemuel_flamethrower_1
D:9:      layout_roguey, gammafunk_ghost_nasty_kobolds, minivault_14,
          minivault_23
D:10:     layout_roguey, enter_bailey_3, corner_web_ring
D:11:     layout_long_grid, minmay_lair_entry_grove, orc_david_3,
          roderic_batcave
D:14:     layout_rooms, chequers_serial_rivers_large_a, serial_shops, shop,
          shop_fountains, nicolae_shop_temple_entry_statues_fountains, shop,
          nicolae_shop_competitors_out_of_business
Temple:   kilobyte_greek_temple

Skill      XL: |  1  2  3  4  5  6  7  8  9 10 11 12 |
---------------+-------------------------------------+-----
Short Blades   | 3 4 5 6 7 9 10 12 13 | 13.0
Dodging        | 2 3 4 5 6 7 8 |  8.8
Stealth        | 6 7 9 10 12 13 14 | 14.5
Throwing       | 3 4 5 6 7 8 |  8.1
Fighting       | 3 4 5 6 7 8 |  8.1
Evocations     | 1 2 3 4 6 7 8 |  8.3

Action                   |  1- 3 |  4- 6 |  7- 9 | 10-12 || total
-------------------------+-------+-------+-------+-------++-------
Melee: Dagger            |    83 |   137 |   437 |  1109 ||  1766
Throw: Dart              |    14 |    13 |    79 |    73 ||   179
       Throwing net      |       |       |     2 |       ||     2
Invok: Lunge             |       |       |    32 |    77 ||   109
       Whirlwind         |       |       |       |    65 ||    65
       Serpent's Lash    |       |       |       |    10 ||    10
Evoke: Wand              |       |       |     6 |    14 ||    20
  Use: Potion            |       |       |     4 |     3 ||     7
       Scroll            |       |       |       |    16 ||    16
 Stab: Sleeping          |    17 |    25 |    20 |    68 ||   130
       Distracted        |       |       |     2 |     5 ||     7
       Held in net/web   |       |       |     1 |       ||     1
       Paralysed         |       |       |       |     5 ||     5
       Confused          |       |       |       |     2 ||     2
       Fleeing           |       |       |       |     1 ||     1
Armor: Robe              |    27 |    10 |    38 |    56 ||   131
Dodge: Dodged            |    92 |    93 |   301 |   629 ||  1115

Table legend: (Time is in decaauts)
 A = Elapsed time spent in this place.
 B = Non-inter-level travel time spent in this place.
 C = Inter-level travel time spent in this place.
 D = Time resting spent in this place.
 E = Time spent auto-exploring this place.
 F = Levels seen in this place.
 G = Mean time per level.
                   A        B        C        D        E       F      G
               +--------+--------+--------+--------+--------+-----+--------+
         Total |  13647 |  12839 |    808 |   3504 |   5987 |  14 |  974.8 |
       Dungeon |  13156 |  12389 |    767 |   3470 |   5849 |  12 | 1096.3 |
        Temple |    189 |    149 |     40 |      0 |    138 |   1 |  189.0 |
        Bailey |    301 |    301 |      0 |     34 |      0 |   1 |  301.0 |
               +--------+--------+--------+--------+--------+-----+--------+

Top non-repeatable levels by time:
     D:4: 1887 daAuts
     D:9: 1556 daAuts
     D:5: 1490 daAuts
     D:6: 1415 daAuts
     D:7: 1411 daAuts
     D:8: 1196 daAuts
    D:11: 1166 daAuts
     D:1: 818 daAuts
    D:10: 703 daAuts
     D:3: 682 daAuts
     D:2: 525 daAuts
    D:14: 302 daAuts
  Bailey: 301 daAuts
  Temple: 189 daAuts
